ESL (28 & UNDER)
READING RAINBOWS @ MINNESOTA MANBEARPIGS
08/13/2030
 
TOP OF THE 1ST
Reading Rainbows batting - Pitching for Minnesota ManBearPigs : RHP Brad White
Pitching: RHP Brad White
Batting: LHB Ismael Barajas 0-0: Swinging Strike
0-1: Called Strike
0-2: Ball
1-2: Strikes out swinging
Batting: RHB José Moreno 0-0: Ball
1-0: Ground out 4-3 (Groundball, 4)
Batting: RHB Ethan Moore 0-0: Called Strike
0-1: Foul Ball, location: 2F
0-2: Ground out 3-1 (Groundball, 34)
Top of the 1st over - 0 runs, 0 hits, 0 errors, 0 left on base; Reading 0 - Minnesota 0
BOTTOM OF THE 1ST
Minnesota ManBearPigs batting - Pitching for Reading Rainbows : RHP Archie King
Pitching: RHP Archie King
Batting: RHB Carlos López 0-0: Ball
1-0: Foul Ball, location: 2F
1-1: Foul Ball, location: 2F
1-2: Fly out, F8 (Line Drive, 8LS)
Batting: SHB Juan Carlos González 0-0: Ball
1-0: SINGLE (Groundball, 34D)
Batting: LHB Pedro Escobar 0-0: Called Strike
Juan Carlos González steals 2nd base
0-1: Foul Ball, location: 2F
0-2: Ball
1-2: Strikes out looking
Batting: RHB Chris Burrell 0-0: Ball
1-0: Ball
2-0: Called Strike
2-1: Ball
3-1: Foul Ball, location: 2F
3-2: Ground out 1-3 (Groundball, 13S)
Bottom of the 1st over - 0 runs, 1 hit, 0 errors, 1 left on base; Reading 0 - Minnesota 0
TOP OF THE 2ND
Reading Rainbows batting - Pitching for Minnesota ManBearPigs : RHP Brad White
Batting: LHB Víctor Peña 0-0: Ball
1-0: Ball
2-0: Fly out, F7 (Line Drive, 78M)
Batting: RHB Edmund Swanson 0-0: Called Strike
0-1: Ball
1-1: Foul Ball, location: 2F
1-2: Strikes out looking
Batting: LHB Arturo Álvarez 0-0: Ball
1-0: SINGLE (Groundball, 34D)
Batting: RHB Carlos Palomón 0-0: Called Strike
0-1: Ball
1-1: DOUBLE (Flyball, 8RXD)
Arturo Álvarez to third
Batting: RHB Jason Powers 0-0: Ball
1-0: Foul Ball, location: 2F
1-1: Ball
2-1: Foul Ball, location: 2F
2-2: SINGLE (Line Drive, 8LS)
Arturo Álvarez scores
Carlos Palomón to third
Runner from 3rd tries for Home, SAFE, throw made home
Batting: RHB Ramón Vega 0-0: Ball
1-0: Ball
2-0: Ball
3-0: Base on Balls
Jason Powers to second
Batting: LHB Ismael Barajas 0-0: Ball
1-0: Called Strike
1-1: Ball
2-1: Foul Ball, location: 2F
2-2: Ground out 4-3 (Groundball, 34D)
Top of the 2nd over - 2 runs, 3 hits, 0 errors, 2 left on base; Reading 2 - Minnesota 0
BOTTOM OF THE 2ND
Minnesota ManBearPigs batting - Pitching for Reading Rainbows : RHP Archie King
Batting: RHB Jaime Hernández 0-0: Called Strike
0-1: Ball
1-1: Fly out, F8 (Flyball, 8LXD)
Batting: RHB James Hunter 0-0: Ball
1-0: Ball
2-0: Called Strike
2-1: Foul Ball, location: 2F
2-2: Fly out, F1 (Popup, P)
Batting: RHB Gustavo Medine 0-0: Called Strike
0-1: Swinging Strike
0-2: Ball
1-2: Ball
2-2: Ball
3-2: Ground out 6-3 (Groundball, 6)
Bottom of the 2nd over - 0 runs, 0 hits, 0 errors, 0 left on base; Reading 2 - Minnesota 0
TOP OF THE 3RD
Reading Rainbows batting - Pitching for Minnesota ManBearPigs : RHP Brad White
Batting: RHB José Moreno 0-0: Called Strike
0-1: Ball
1-1: Ball
2-1: Ball
3-1: Called Strike
3-2: Base on Balls
Batting: RHB Ethan Moore 0-0: Ball
1-0: Ball
2-0: Called Strike
2-1: Foul Ball, location: 2F
2-2: Strikes out looking
Batting: LHB Víctor Peña 0-0: Ball
José Moreno steals 2nd base
1-0: Ground out U3 (Groundball, 34)
José Moreno to third
Batting: RHB Edmund Swanson 0-0: Called Strike
0-1: Ground out 5-3 (Groundball, 56)
Top of the 3rd over - 0 runs, 0 hits, 0 errors, 1 left on base; Reading 2 - Minnesota 0
BOTTOM OF THE 3RD
Minnesota ManBearPigs batting - Pitching for Reading Rainbows : RHP Archie King
Batting: RHB Jeffrey Hicks 0-0: Ground out 5-3 (Groundball, 56S)
Batting: RHB Pedro López 0-0: Ball
1-0: Foul Ball, location: 2F
1-1: Ball
2-1: Ground out 4-3 (Groundball, 4)
Batting: RHB Carlos López 0-0: Called Strike
0-1: Swinging Strike
0-2: Ground out 5-3 (Groundball, 56)
Bottom of the 3rd over - 0 runs, 0 hits, 0 errors, 0 left on base; Reading 2 - Minnesota 0
TOP OF THE 4TH
Reading Rainbows batting - Pitching for Minnesota ManBearPigs : RHP Brad White
Batting: LHB Arturo Álvarez 0-0: Ball
1-0: SINGLE (Line Drive, 8RS)
Batting: RHB Carlos Palomón 0-0: Called Strike
0-1: Foul Ball, location: 2F
0-2: Ball
1-2: Foul Ball, location: 2F
1-2: Strikes out swinging
Batting: RHB Jason Powers 0-0: Ball
Arturo Álvarez steals 2nd base
1-0: Ball
Arturo Álvarez steals 3rd base
2-0: Called Strike
2-1: Foul Ball, location: 2F
2-2: Strikes out swinging
Batting: RHB Ramón Vega 0-0: Ball
1-0: Called Strike
1-1: Ground out 4-3 (Groundball, 4M)
Top of the 4th over - 0 runs, 1 hit, 0 errors, 1 left on base; Reading 2 - Minnesota 0
BOTTOM OF THE 4TH
Minnesota ManBearPigs batting - Pitching for Reading Rainbows : RHP Archie King
Batting: SHB Juan Carlos González 0-0: Called Strike
0-1: SINGLE (Line Drive, 4MD)
Batting: LHB Pedro Escobar 0-0: Ball
1-0: Called Strike
1-1: Ball
2-1: Foul Ball, location: 2F
2-2: Ball
3-2: Grounds out, U3 (Groundball, 3L)
Batting: RHB Chris Burrell 0-0: Called Strike
0-1: Ball
1-1: Ball
2-1: Swinging Strike
2-2: Strikes out swinging
Batting: RHB Jaime Hernández 0-0: Ball
1-0: Called Strike
1-1: Swinging Strike
1-2: 2-RUN HOME RUN (Flyball, 9LD), Distance : 344 ft
Batting: RHB James Hunter 0-0: Called Strike
0-1: Ball
1-1: Ground out 6-3 (Groundball, 6)
Bottom of the 4th over - 2 runs, 2 hits, 0 errors, 0 left on base; Reading 2 - Minnesota 2
TOP OF THE 5TH
Reading Rainbows batting - Pitching for Minnesota ManBearPigs : RHP Brad White
Batting: LHB Ismael Barajas 0-0: Ball
1-0: Called Strike
1-1: Called Strike
1-2: Ball
2-2: Strikes out swinging
Batting: RHB José Moreno 0-0: Foul Ball, location: 2F
0-1: Foul Ball, location: 2F
0-2: Strikes out swinging
Batting: RHB Ethan Moore 0-0: Ball
1-0: Ball
2-0: Foul Ball, location: 2F
2-1: Foul Ball, location: 2F
2-2: Strikes out looking
Top of the 5th over - 0 runs, 0 hits, 0 errors, 0 left on base; Reading 2 - Minnesota 2
BOTTOM OF THE 5TH
Minnesota ManBearPigs batting - Pitching for Reading Rainbows : RHP Archie King
Batting: RHB Gustavo Medine 0-0: Ball
1-0: Ball
2-0: Ball
3-0: Base on Balls
Batting: RHB Jeffrey Hicks 0-0: Called Strike
0-1: Swinging Strike
0-2: Ball
1-2: Strikes out swinging
Batting: RHB Pedro López 0-0: Ball
1-0: Ball
2-0: Called Strike
2-1: Foul Ball, location: 2F
2-2: Strikes out swinging
Batting: RHB Carlos López 0-0: Ball
1-0: Swinging Strike
1-1: Swinging Strike
1-2: Ball
2-2: Ground out 1-3 (Groundball, 13)
Bottom of the 5th over - 0 runs, 0 hits, 0 errors, 1 left on base; Reading 2 - Minnesota 2
TOP OF THE 6TH
Reading Rainbows batting - Pitching for Minnesota ManBearPigs : RHP Brad White
Batting: LHB Víctor Peña 0-0: Ball
1-0: Ball
2-0: Called Strike
2-1: Ground out U3 (Groundball, 3)
Batting: RHB Edmund Swanson 0-0: Foul Ball, location: 2F
0-1: Foul Ball, location: 2F
0-2: Ball
1-2: Strikes out swinging
Batting: LHB Arturo Álvarez 0-0: Ball
1-0: Ball
2-0: SINGLE (Line Drive, 78S)
Batting: RHB Carlos Palomón 0-0: Called Strike
0-1: Ball
Arturo Álvarez steals 2nd base
1-1: Intentional Walk
Batting: RHB Jason Powers 0-0: Fly out, F7 (Flyball, 7S)
Top of the 6th over - 0 runs, 1 hit, 0 errors, 2 left on base; Reading 2 - Minnesota 2
BOTTOM OF THE 6TH
Minnesota ManBearPigs batting - Pitching for Reading Rainbows : RHP Archie King
Batting: SHB Juan Carlos González 0-0: Fly out, F6 (Popup, 6M)
Batting: LHB Pedro Escobar 0-0: Ball
1-0: Ball
2-0: Ball
3-0: DOUBLE (Line Drive, 3D)
Batting: RHB Chris Burrell 0-0: Ball
1-0: Called Strike
1-1: Ball
2-1: Ball
3-1: Called Strike
3-2: Base on Balls
Batting: RHB Jaime Hernández 0-0: Called Strike
0-1: Ball
1-1: Foul Ball, location: 2F
1-2: Ball
2-2: SINGLE (Groundball, 4S) (infield hit)
Pedro Escobar to third
Chris Burrell to second
Pitching: RHP Manny Ramos
Batting: RHB James Hunter 0-0: Ball
1-0: Ball
2-0: Called Strike
2-1: Called Strike
2-2: Ball
3-2: Base on Balls
Pedro Escobar scores
Chris Burrell to third
Jaime Hernández to second
Batting: RHB Gustavo Medine 0-0: Called Strike
0-1: SINGLE (Flyball, 9LS)
Chris Burrell scores
Jaime Hernández to third
James Hunter to second
Batting: RHB Jeffrey Hicks 0-0: Ball
Wild Pitch!
Jaime Hernández scores
James Hunter to third
Gustavo Medine to second
1-0: Swinging Strike
1-1: Swinging Strike
1-2: Ball
2-2: SINGLE (Flyball, 78S)
James Hunter scores
Gustavo Medine to third
Runner from 3rd tries for Home, SAFE, throw made home
Jeffrey Hicks to second
Batting: RHB Pedro López 0-0: Called Strike
Jeffrey Hicks steals 3rd base
0-1: Swinging Strike
0-2: Ball
1-2: Foul Ball, location: 2F
1-2: Strikes out looking
Batting: RHB Carlos López 0-0: Ball
1-0: Called Strike
1-1: Ball
2-1: SINGLE (Flyball, 8RS)
Jeffrey Hicks scores
Batting: SHB Juan Carlos González 0-0: Ground out 1-3 (Groundball, 13S)
Bottom of the 6th over - 6 runs, 5 hits, 0 errors, 1 left on base; Reading 2 - Minnesota 8
TOP OF THE 7TH
Reading Rainbows batting - Pitching for Minnesota ManBearPigs : RHP Brad White
Now at 2B: Martín Pérez
Now in CF: Carlos Luna
Batting: RHB Ramón Vega 0-0: Called Strike
0-1: Foul Ball, location: 2F
0-2: Strikes out looking
Batting: LHB Ismael Barajas 0-0: Ball
1-0: Called Strike
1-1: Fly out, F6 (Popup, 6MD)
Batting: RHB José Moreno 0-0: Ball
1-0: Called Strike
1-1: Foul Ball, location: 2F
1-2: Ball
2-2: Fly out, F3 (Popup, 3)
Top of the 7th over - 0 runs, 0 hits, 0 errors, 0 left on base; Reading 2 - Minnesota 8
BOTTOM OF THE 7TH
Minnesota ManBearPigs batting - Pitching for Reading Rainbows : RHP Manny Ramos
Batting: LHB Pedro Escobar 0-0: Ball
1-0: Foul Ball, location: 2F
1-1: Fly out, F9 (Flyball, 9LSF)
Batting: RHB Chris Burrell 0-0: Called Strike
0-1: Foul Ball, location: 2F
0-2: Ball
1-2: Ground out 6-3 (Groundball, 6)
Batting: RHB Jaime Hernández 0-0: Ball
1-0: Ball
2-0: Called Strike
2-1: Foul Ball, location: 2F
2-2: Ball
3-2: Ground out 4-3 (Groundball, 4)
Bottom of the 7th over - 0 runs, 0 hits, 0 errors, 0 left on base; Reading 2 - Minnesota 8
TOP OF THE 8TH
Reading Rainbows batting - Pitching for Minnesota ManBearPigs : RHP Brad White
Pitching: LHP José Reyes
Now at C: Nicoli Turina
Batting: RHB Ethan Moore 0-0: SINGLE (Groundball, 56S) (infield hit)
Batting: LHB Víctor Peña 0-0: Called Strike
0-1: Ball
1-1: Called Strike
1-2: Ball
2-2: Foul Ball, location: 2F
2-2: Ball
3-2: Base on Balls
Ethan Moore to second
Batting: RHB Edmund Swanson 0-0: Called Strike
0-1: Called Strike
0-2: Strikes out looking
Batting: LHB Arturo Álvarez 0-0: Called Strike
0-1: Ball
1-1: Fielders Choice at 2nd, 3-6 (Groundball, 34)
Ethan Moore to third
Batting: RHB Carlos Palomón 0-0: Ball
Wild Pitch!
Ethan Moore scores
Arturo Álvarez to second
1-0: Swinging Strike
1-1: SINGLE (Flyball, 9S)
Arturo Álvarez to third
Runner from 3rd tries for Home, SAFE, no throw
Pitching: RHP José Peña
Batting: RHB Jason Powers 0-0: Ball
1-0: Fielders Choice at 2nd, 6-4 (Groundball, 6)
Top of the 8th over - 2 runs, 2 hits, 0 errors, 1 left on base; Reading 4 - Minnesota 8
BOTTOM OF THE 8TH
Minnesota ManBearPigs batting - Pitching for Reading Rainbows : RHP Manny Ramos
Pitching: RHP Gustavo Hernández
Batting: RHB James Hunter 0-0: Ball
1-0: Called Strike
1-1: Called Strike
1-2: Foul Ball, location: 2F
1-2: Fly out, F6 (Popup, 6S)
Pitching: RHP Jesús Manuel
Batting: RHB Nicoli Turina 0-0: Swinging Strike
0-1: SINGLE (Line Drive, 56D)
Batting: RHB Jeffrey Hicks 0-0: Ball
1-0: Ball
2-0: Fly out, F9 (Line Drive, 89M)
Batting: RHB Carlos Luna 0-0: Ground out 1-3 (Groundball, P)
Bottom of the 8th over - 0 runs, 1 hit, 0 errors, 1 left on base; Reading 4 - Minnesota 8
TOP OF THE 9TH
Reading Rainbows batting - Pitching for Minnesota ManBearPigs : RHP José Peña
Batting: RHB Ramón Vega 0-0: Ball
1-0: Ball
2-0: Ball
3-0: Called Strike
3-1: Base on Balls
Batting: LHB Ismael Barajas 0-0: Ball
1-0: Called Strike
1-1: Swinging Strike
1-2: Strikes out swinging
Batting: RHB José Moreno 0-0: Ball
1-0: Ball
2-0: Ball
3-0: Called Strike
3-1: Foul Ball, location: 2F
3-2: Foul Ball, location: 2F
3-2: Strikes out looking
Batting: RHB Ethan Moore 0-0: Fly out, F3 (Popup, 34)
Top of the 9th over - 0 runs, 0 hits, 0 errors, 1 left on base; Reading 4 - Minnesota 8
Saturday, April 7th, 2018 - OOTP Baseball 18.8 Build 76